 Dungeon Crawl Stone Soup version 0.28.0-47-ge53b351184 (webtiles) character file.

Game seed: 12789542599663689901

5996 hawla the Geomancer (level 10, -6/40 HPs)
             Began as a Felid Earth Elementalist on May 5, 2022.
             Was an Elder of Vehumet.
             Killed from afar by an orc wizard (11 damage)
             ... with a magic dart
             ... on level 2 of the Orcish Mines.
             The game lasted 01:00:21 (20651 turns).

hawla the Geomancer (Felid Earth Elementalist)     Turns: 20651, Time: 01:00:21

Health: -6/40      AC:  2    Str:  6    XL:     10   Next: 55%
Magic:  33/34      EV: 20    Int: 20    God:    Vehumet [****..]
Gold:   1332       SH:  0    Dex: 16    Spells: 6/30 levels left
                                        Lives:  0   Deaths: 3

rFire   . . .      SeeInvis +     - Unarmed
rCold   . . .      Faith    .   (shield unavailable)
rNeg    . . .      Spirit   .   (armour unavailable)
rPois   .          Reflect  .   (helmet unavailable)
rElec   .          Harm     .   (cloak unavailable)
rCorr   .          Rampage  .   (gloves unavailable)
Will    ++...                   (boots unavailable)
Stlth   +++.......              (no amulet)
HPRegen 0.13/turn               a - ring of magical power
MPRegen 0.24/turn               f - ring of willpower

@: about to teleport, quick
A: very small, claws 1, fangs 3, see invisible, speed 1, shaggy fur 2, stealthy
paws, no weapons or thrown items, no armour, multi-lived
a: Renounce Religion


You were on level 2 of the Orcish Mines.
You worshipped Vehumet.
Vehumet was greatly pleased with you.
You visited 4 branches of the dungeon, and saw 16 of its levels.

You collected 1332 gold pieces.

Inventory:

Missiles
 b - 300 stones
Jewellery
 a - a ring of magical power (left paw)
 f - a ring of willpower (right paw)
 p - a ring of ice
Wands
 e - a wand of iceblast (7)
 k - a wand of paralysis (3)
 r - a wand of polymorph (12)
 u - a wand of flame (8)
Scrolls
 t - 5 scrolls of amnesia
Potions
 c - 3 potions of brilliance
 d - 2 potions of might
 g - 2 potions of curing
 h - 2 potions of flight {unknown}
 j - 2 potions of invisibility {unknown}
 l - 3 potions of degeneration {unknown}
 m - a potion of magic {unknown}
 n - 3 potions of berserk rage {unknown}
 o - 3 potions of heal wounds {unknown}
 q - 2 potions of ambrosia
Miscellaneous
 i - a phantom mirror


   Skills:
 + Level 1.9 Fighting
 + Level 5.8 Dodging
 - Level 5.4 Stealth
 + Level 2.7 Unarmed Combat
 - Level 10.9 Spellcasting
 + Level 8.6 Conjurations
 + Level 3.3 Transmutations
 + Level 11.0 Earth Magic
 + Level 2.3 Poison Magic
 + Level 2.1 Evocations


You had 6 spell levels left.
You knew the following spells:

 Your Spells              Type           Power      Damage    Failure   Level
a - Sandblast             Erth           100%       2d20      1%          1
b - Stone Arrow           Conj/Erth      100%       3d13      1%          3
c - Passwall              Tmut/Erth      32%        N/A       1%          2
d - Magic Dart            Conj           100%       1d8       1%          1
e - Lee's Rapid Deconstr  Erth           26%        3d15*     1%          5
f - Petrify               Tmut/Erth      39%        N/A       3%          4
g - Olgreb's Toxic Radia  Pois           20%        N/A       7%          4
h - Sticky Flame          Conj/Fire      28%        2d5       3%          4

Your spell library contained the following spells:

 Spells                   Type           Power      Damage    Failure   Level
 Leda's Liquefaction      Hex/Erth       16%        N/A       6%          4
 Statue Form              Tmut/Erth      26%        N/A       45%         6


Dungeon Overview and Level Annotations

Branches:
Dungeon (11/15)            Temple (1/1) D:4            Lair (2/6) D:9
    Orc (2/2) D:10            Elf (0/3) Orc:2
  Swamp: Lair:2-4    Shoals: Lair:2-4     Snake: Lair:2-4    Spider: Lair:2-4

Altars:
Ashenzari
Cheibriados
Dithmenos
Elyvilon
Fedhas
Gozag
Hepliaklqana
Kikubaaqudgha
Makhleb
Nemelex Xobeh
Okawaru
Qazlal
Ru
Sif Muna
Trog
Uskayaw
Vehumet
Wu Jian
Xom
Yredelemnul
Zin
The Shining One

Shops:
D:1 *   D:4 *   D:7 [


Innate Abilities, Weirdness & Mutations

You have sharp claws.
You have razor-sharp teeth.
You have supernaturally acute eyesight. (SInv)
You cover ground quickly. (Speed+)
You are covered in thick fur. (AC +2)
Your paws help you pounce on unaware monsters.
You are incapable of wielding weapons or throwing items.
You cannot wear armour.
You gain extra lives every three experience levels.


Message History

The orc wizard flickers and vanishes for a moment.
Casting: Sticky Flame (dangerous; 3% risk of failure)
Confirm with . or Enter, or press ? or * to list all spells.
The spell is quite dangerous to miscast (7% risk of failure)!
Continue anyway?
You begin to radiate toxic energy.
The orc wizard is poisoned.
The troll is poisoned.
The orc wizard looks even sicker.
The troll looks even sicker. 2 orc warriors and 2 orcs come into view.
The orc shouts!
The orc is poisoned.
The orc warrior shouts!
The orc warrior is poisoned.
The orc warrior shouts!
The orc warrior is poisoned.
The orc shouts!
The orc is poisoned.
Your toxic aura wanes.
You hear a shout! x3
The orc unwields a +0 mace.
The orc wields a +0 arbalest.
The orc shoots a bolt.
The bolt misses you.
The orc unwields a +0 hand axe.
The orc wields a +0 arbalest.
The orc shoots a bolt.
The bolt hits you!
The orc warrior unwields a +0 glaive.
The orc warrior wields a +0 arbalest.
The orc warrior shoots a bolt.
The bolt hits you!
* * * LOW HITPOINT WARNING * * *
You hear a shout!
You feel better.
The orc warrior unwields a +0 glaive.
The orc warrior wields a +0 arbalest.
The orc warrior shoots a bolt.
The bolt closely misses you.
The orc shoots a bolt.
The bolt hits you!
* * * LOW HITPOINT WARNING * * *
The orc warrior shoots a bolt.
The bolt misses you.
You hear a shout! x2
An orc warrior comes into view. It is wielding a +0 broad axe.
The orc warrior moves out of view.
Vehumet accepts your kill.
You feel your power returning.
You feel a bit more experienced.
As you read the scroll of teleportation, it crumbles to dust.
You feel strangely unstable. The orc wizard casts a spell at you.
The magic dart hits you!
You die...

....#.....#....................
.##.#.#..........................
##.......)....................>..
#....#..........................
##..............................
#....#....o.T...................
##..............................
##..........[................#.
#.............@..(...[........#
#..............[[.).......)....
#............##()...).....).#..
#...........................)...
##.#.......(....................
#####..#..#..#.###.##.#.#.#..#.
############ ##############


You could see a troll (poisoned) and an orc wizard (invisible, poisoned).

Vanquished Creatures
  Josephine (D:11)
  Fannar (Lair:1)
  A hydra (Lair:2)
  3 two-headed ogres
  A steelbarb worm (shapeshifter) (D:11)
  Pikel (D:6)
  2 orc sorcerers
  A cyclops (D:11)
  Maurice (D:8)
  A black mamba (Lair:1)
  2 cane toads (Lair:1)
  A gargoyle (D:10)
  A rime drake (Lair:2)
  A komodo dragon (Lair:1)
  4 trolls
  2 hornets
  Prince Ribbit (D:8)
  Sigmund (D:6)
  6 wraiths
  6 yaks (D:9)
  3 wyverns
  A steam dragon (D:9)
  A basilisk (D:11)
  2 wargs (Orc:2)
  An acid dragon (D:9)
  6 water moccasins
  A black bear (D:6)
  Duvessa (D:5)
  10 orc warriors
  4 ogres
  2 necrophages
  A wolf (D:9)
  2 centaurs (Orc:2)
  A lemure (D:6)
  2 phantoms
  8 bullfrogs
  2 scorpions
  A gnoll sergeant (D:9)
  Dowan (D:5)
  A water moccasin skeleton (D:4)
  3 wights (D:10)
  3 electric eels
  4 centaur zombies
  2 howler monkeys (D:7)
  15 orc priests
  2 centaur skeletons (D:4)
  2 jellies
  8 hounds
  A scorpion zombie (D:5)
  Jessica (D:2)
  6 iguanas
  Ijyb (D:3)
  Natasha (thrice) (D:2)
  12 orc wizards
  A killer bee zombie (D:7)
  A hound skeleton (D:5)
  4 gnolls
  A howler monkey skeleton (D:5)
  2 howler monkey zombies (D:9)
  6 adders
  A white imp (D:6)
  An ufetubus (D:6)
  An adder skeleton (D:4)
  A worm (D:3)
  A dart slug (D:4)
  51 orcs
  3 bats
  8 endoplasms
  4 giant cockroaches
  11 goblins
  11 hobgoblins
  3 jackals (D:3)
  5 kobolds
  5 quokkas
  9 ball pythons
  4 frilled lizards
  5 rats
291 creatures vanquished.

Vanquished Creatures (others)
  7 fungi
  12 plants
19 creatures vanquished.

Grand Total: 310 creatures vanquished

Notes
Turn   | Place    | Note
-------+----------+-------------------------------------------
     0 | D:1      | hawla the Felid Earth Elementalist began the quest for the
                  | Orb.
     0 | D:1      | Reached XP level 1. HP: 7/7 MP: 4/4
   186 | D:1      | Reached skill level 3 in Earth Magic
   186 | D:1      | Reached XP level 2. HP: 11/11 MP: 1/6
   513 | D:1      | Found Plog's General Store.
   665 | D:1      | Reached XP level 3. HP: 8/14 MP: 0/7
   963 | D:1      | Found a faded altar of an unknown god.
  1744 | D:2      | Learned a level 3 spell: Stone Arrow
  2028 | D:2      | Found an ornate altar of the Wu Jian Council.
  2098 | D:2      | Noticed Jessica
  2102 | D:2      | Killed Jessica
  2103 | D:2      | Reached XP level 4. HP: 13/18 MP: 8/9
  2344 | D:2      | Noticed Natasha
  2348 | D:2      | Killed Natasha
  2738 | D:2      | Noticed Natasha
  2744 | D:2      | Killed Natasha
  2745 | D:2      | Reached XP level 5. HP: 21/21 MP: 10/10
  2934 | D:2      | Noticed Natasha
  2936 | D:2      | Killed Natasha
  3255 | D:3      | Noticed Ijyb
  3321 | D:3      | Reached skill level 1 in Conjurations
  3412 | D:3      | Reached skill level 1 in Unarmed Combat
  3412 | D:3      | Reached skill level 4 in Earth Magic
  4451 | D:3      | Killed Ijyb
  4452 | D:3      | Gained mutation: You are covered in thick fur. (AC +2)
                  | [Felid growth]
  4452 | D:3      | Reached XP level 6. HP: 24/24 MP: 12/12
  4694 | D:4      | Found a staircase to the Ecumenical Temple.
  4711 | Temple   | Entered the Ecumenical Temple
  4914 | Temple   | Became a worshipper of Vehumet
  5324 | D:4      | Found Danuruc's Assorted Antiques.
  5467 | D:4      | Reached XP level 7. HP: 28/28 MP: 10/13
  5586 | D:4      | Reached skill level 5 in Earth Magic
  6033 | D:5      | Entered Level 5 of the Dungeon
  6189 | D:5      | Noticed Duvessa
  6189 | D:5      | Noticed Dowan
  6511 | D:5      | Learned a level 2 spell: Passwall
  6561 | D:5      | Reached * piety under Vehumet
  6561 | D:5      | Offered knowledge of Magic Dart by Vehumet.
  6676 | D:5      | Killed Duvessa
  6901 | D:5      | Reached skill level 5 in Stealth
  6901 | D:5      | Reached XP level 8. HP: 31/31 MP: 16/16
  7095 | D:5      | Killed Dowan
  7181 | D:5      | Reached skill level 5 in Spellcasting
  7515 | D:6      | Found a bloodstained altar of Trog.
  7523 | D:6      | Reached skill level 6 in Earth Magic
  7638 | D:6      | Noticed Pikel
  7645 | D:6      | Killed Pikel
  8516 | D:6      | Noticed Sigmund
  8532 | D:6      | Killed Sigmund
  8533 | D:6      | Reached XP level 9. HP: 15/34 MP: 11/19
  8725 | D:6      | Reached skill level 7 in Earth Magic
  8727 | D:6      | Learned a level 1 spell: Magic Dart
  9606 | D:7      | Found Ceunwom's Antique Armour Emporium.
  9700 | D:7      | Offered knowledge of Freeze by Vehumet.
  9734 | D:7      | Reached ** piety under Vehumet
  9735 | D:7      | Reached skill level 5 in Conjurations
 10110 | D:8      | Reached skill level 1 in Fighting
 10419 | D:8      | Noticed a boulder beetle
 10686 | D:8      | Mangled by a boulder beetle
 10687 | D:8      | Reached XP level 8. HP: -11/32 MP: 29/29
 10733 | D:9      | Reached skill level 8 in Earth Magic
 10783 | D:9      | Identified the +2 pair of gloves "Waub" {Fly rElec}
 10803 | D:9      | Found a staircase to the Lair.
 10816 | D:9      | Reached XP level 9. HP: 19/35 MP: 21/21
 11326 | D:9      | Noticed a two-headed ogre
 11696 | D:9      | Noticed a troll
 11820 | D:9      | Killed a troll
 11900 | D:9      | Offered knowledge of Dazzling Flash by Vehumet.
 12020 | D:9      | Noticed a troll
 12155 | D:9      | Learned a level 5 spell: Lee's Rapid Deconstruction
 12160 | D:9      | Learned a level 4 spell: Petrify
 12423 | D:8      | Noticed a two-headed ogre
 12430 | D:8      | Killed a two-headed ogre
 12431 | D:8      | Reached XP level 10. HP: 39/39 MP: 19/23
 12527 | D:8      | Noticed Maurice
 12531 | D:8      | Killed Maurice
 12732 | D:8      | Noticed Prince Ribbit
 12736 | D:8      | Killed Prince Ribbit
 12737 | D:8      | Reached skill level 5 in Dodging
 12882 | D:8      | Found a snail-covered altar of Cheibriados.
 12882 | D:8      | Found a hide-covered altar of Uskayaw.
 13199 | D:9      | Reached *** piety under Vehumet
 13200 | D:9      | Reached skill level 9 in Earth Magic
 13473 | D:10     | Entered Level 10 of the Dungeon
 13630 | D:10     | Identified the +7 hand axe of Bankruptcy {freeze, rPois rF-
                  | rN+}
 13702 | D:10     | Found a staircase to the Orcish Mines.
 13797 | D:10     | Noticed a two-headed ogre
 13957 | D:10     | Killed a two-headed ogre
 14535 | D:10     | Noticed a gargoyle
 14539 | D:10     | Killed a gargoyle
 15071 | D:11     | Noticed a cyclops
 15079 | D:11     | Killed a cyclops
 15403 | D:11     | Noticed a two-headed ogre
 15406 | D:11     | Killed a two-headed ogre
 15407 | D:11     | Reached XP level 11. HP: 43/43 MP: 25/25
 15587 | D:11     | Noticed a steelbarb worm
 15595 | D:11     | Killed a steelbarb worm
 15596 | D:11     | Reached skill level 1 in Evocations
 15598 | D:11     | Noticed a tengu warrior
 15963 | D:11     | Noticed Josephine
 15972 | D:11     | Killed Josephine
 15984 | D:11     | Reached skill level 10 in Spellcasting
 16130 | D:11     | Reached skill level 10 in Earth Magic
 16431 | D:11     | Noticed a centaur warrior
 16483 | D:11     | Noticed a boulder beetle
 17050 | Lair:1   | Entered Level 1 of the Lair of Beasts
 17535 | Lair:1   | Noticed Fannar
 17952 | Lair:1   | Killed Fannar
 18349 | Lair:2   | Noticed a six-headed hydra
 18354 | Lair:2   | Killed a six-headed hydra
 18529 | Lair:2   | Killed from afar by a rime drake
 18530 | Lair:2   | Reached XP level 10. HP: -1/40 MP: 26/34
 18906 | Orc:1    | Entered Level 1 of the Orcish Mines
 19054 | Orc:1    | Offered knowledge of Olgreb's Toxic Radiance by Vehumet.
 19089 | D:10     | Learned a level 4 spell: Olgreb's Toxic Radiance
 19158 | Orc:1    | Noticed an orc sorcerer
 19164 | Orc:1    | Killed an orc sorcerer
 19165 | Orc:1    | Reached XP level 11. HP: 43/43 MP: 26/26
 19245 | Orc:1    | Reached skill level 1 in Poison Magic
 19251 | Orc:1    | Reached **** piety under Vehumet
 19502 | Orc:2    | Entered Level 2 of the Orcish Mines
 19520 | Orc:2    | Noticed an orc sorcerer
 19521 | Orc:2    | Slain by a troll
 19522 | Orc:2    | Reached XP level 10. HP: -1/40 MP: 7/34
 19529 | Orc:2    | Offered knowledge of Sticky Flame by Vehumet.
 19856 | Orc:2    | Learned a level 4 spell: Sticky Flame
 19933 | Orc:2    | Found a staircase to the Elven Halls.
 20195 | Orc:2    | Reached skill level 11 in Earth Magic
 20355 | Orc:2    | Killed an orc sorcerer
 20651 | Orc:2    | Killed from afar by an orc wizard

Illustrated notes

Levels and vault maps discovered:
D:1:      psy_arrival_heroes, layout_loops_ring,
          dreamdust_ecumenical_altar_grove, serial_shops,
          nicolae_lakefront_shop, minmay_pentomino_w4
D:2:      layout_basic, basic_altar, uniq_natasha, uniq_jessica
D:3:      layout_loops_ring, kennysheep_generic_room_14, uniq_ijyb
D:4:      layout_basic, minmay_temple_entry_mini_moons, serial_shops,
          nicolae_take_the_stairs, grunt_ministairs_14, hangedman_decor_riveting
D:5:      layout_cave_pools, uniq_duvessa
D:6:      layout_loops_cross, bloody_trog, minivault_4, uniq_pikel, uniq_sigmund
D:7:      layout_rooms, serial_glass, glass_columns_a, glass_columns_a,
          serial_shops, nicolae_square_shop
D:8:      layout_loops_corners, gammafunk_temple_overflow_wave, uniq_maurice,
          uniq_prince_ribbit1
D:9:      layout_loops_ring, erik_lair_island
D:10:     layout_basic, orc_0_dummy
D:11:     layout_loops_ring, kb_rosetta, uniq_josephine
Temple:   mainiacjoe_temple_bowtie_tessellation
Lair:1:   layout_cave_shapes, uniq_fannar
Lair:2:   layout_cave_pods, infiniplex_staircase_pool, lemuel_fruit_tree
Orc:1:    layout_diamond_mine, abandoned_shop
Orc:2:    st_orc_rangers, layout_caves, basic_altar, serial_shops,
          nicolae_shop_behind_doors

Skill      XL: |  1  2  3  4  5  6  7  8  9 10 11 |
---------------+----------------------------------+-----
Stealth        | 3 4 5 |  5.4
Earth Magic    | 3 4 5 8 7 11 10 | 11.0
Dodging        | 3 4 5 |  5.8
Spellcasting   | 3 4 6 8 9 10 | 10.9
Conjurations   | 1 2 6 7 8 |  8.6
Unarmed Combat | 1 2 |  2.7
Fighting       | 1 |  1.9
Transmutations | 2 3 |  3.3
Evocations     | 2 |  2.1
Poison Magic   | 2 1 |  2.3

Action                   |  1- 3 |  4- 6 |  7- 9 | 10-12 || total
-------------------------+-------+-------+-------+-------++-------
Melee: Unarmed           |    55 |    32 |    14 |    14 ||   115
       Bite              |     8 |       |     3 |     3 ||    14
       Punch             |     1 |     1 |     1 |       ||     3
 Cast: Sandblast         |    39 |    43 |    37 |    20 ||   139
       Stone Arrow       |     1 |    36 |   152 |   171 ||   360
       Passwall          |       |       |     4 |     2 ||     6
       Magic Dart        |       |       |    43 |    39 ||    82
       Olgreb's Toxic Ra |       |       |       |    19 ||    19
       Lee's Rapid Decon |       |       |       |    17 ||    17
       Sticky Flame      |       |       |       |     3 ||     3
       Petrify           |       |       |       |    14 ||    14
Evoke: Wand              |       |       |     6 |    16 ||    22
       Phantom mirror    |       |       |       |     1 ||     1
  Use: Scroll            |     1 |     4 |     7 |     6 ||    18
       Potion            |       |     1 |     3 |     7 ||    11
 Stab: Sleeping          |     7 |     6 |     1 |       ||    14
       Distracted        |       |     1 |       |       ||     1
Armor: Skin              |     2 |     3 |     3 |     7 ||    15
Dodge: Dodged            |    54 |    50 |    84 |   101 ||   289
